Map: 紫夜-天梯版

Players

再见宋哈娜

  • Race: Protoss Protoss
  • League: Master

MaxCaulfield - Winner!

  • Race: Terran Terran

VOD

Have the link to the VOD?

Description

Time

  • Played on: May 1, 2020, 10:05 p.m.
  • Length: 9:22
Show
View Real Time Build Order
Export as new Build Order

再见宋哈娜 Protoss 

Build Orders: 1 Gate Expand, Blink Stalkers 

Get SALT Encoding   

  12  0:00  Probe  
  13  0:13  Probe  
  14  0:17  Pylon  
  14  0:25  Probe  
  15  0:35  Gateway  
  15  0:37  Probe (Chrono Boost)  
  16  0:43  Assimilator  
  16  0:49  Probe (Chrono Boost)  
  17  0:55  Probe (Chrono Boost)  
  18  1:03  Probe  
  19  1:10  Pylon  
  19  1:15  Probe  
  19  1:27  Probe  
  19  1:29  Cybernetics Core  
  20  1:42  Nexus  
  20  1:46  Probe  
  21  1:50  Assimilator  
  21  1:58  Probe  
  22  2:02  Adept (Chrono Boost)  
  22  2:05  Warp Gate  
  24  2:10  Probe  
  24  2:13  Pylon  
  25  2:22  Probe  
  26  2:25  Stalker  
  28  2:34  Probe  
  29  2:41  Pylon  
  29  2:46  Probe (Chrono Boost)  
  29  2:50  Twilight Council  
  30  2:55  Probe (Chrono Boost)  
  32  2:59  Probe (Chrono Boost)  
  32  3:01  Sentry  
  32  3:04  Probe (Chrono Boost)  
  35  3:06  Probe (Chrono Boost)  
  35  3:09  Probe (Chrono Boost)  
  37  3:13  Probe  
  38  3:21  Probe  
  38  3:24  Blink (Chrono Boost)  
  38  3:25  Gateway, Probe  
  40  3:33  Probe  
  41  3:37  Probe  
  42  3:45  Probe  
  43  3:48  Robotics Facility  
  43  3:49  Probe  
  43  3:51  Gateway  
  43  3:53  Assimilator  
  44  3:58  Probe  
  44  4:01  Probe  
  46  4:03  Pylon  
  46  4:04  Stalker  
  48  4:10  Probe  
  48  4:13  Probe  
  50  4:20  Assimilator, Stalker  
  50  4:22  Forge, Probe  
  53  4:25  Probe  
  53  4:29  Stalker  
  56  4:34  Probe  
  56  4:37  Probe  
  56  4:42  Nexus  
  56  4:46  Observer, Probe  
  56  4:49  Probe  
  56  4:50  Sentry  
  56  4:51  Stalker  
  63  4:55  Stalker  
  63  4:56  Protoss Ground Armor Level 1 (Chrono Boost)  
  65  5:01  Probe  
  63  5:12  Probe  
  63  5:13  Probe  
  65  5:24  Probe  
  65  5:25  Probe  
  65  5:26  Gateway  
  65  5:28  Gateway, Charge  
  67  5:33  Observer  
  68  5:36  Probe  
  69  5:43  Pylon  
  69  5:46  Templar Archives, Probe  
  70  5:51  Probe  
  70  5:52  Pylon  
  70  5:55  Stalker  
  70  6:00  Pylon  
  67  6:05  Probe  
  67  6:06  Stalker  
  67  6:09  Stalker  
  71  6:17  Probe x2  
  71  6:21  Probe  
  72  6:27  Gateway  
  72  6:29  Probe x2  
  73  6:34  Stalker x2  
  73  6:35  Probe  
  75  6:41  Probe  
  76  6:48  Probe x2  
  76  6:51  Pylon  
  76  6:53  High Templar  
  80  6:55  Gateway  
  80  6:57  Gateway  
  80  6:59  High Templar  
  80  7:00  Zealot  
  84  7:01  Assimilator  
  84  7:03  Assimilator  
  84  7:06  Probe  
  84  7:07  Probe  
  86  7:11  Probe  
  87  7:18  Probe, Psionic Storm  
  87  7:19  Probe  
  89  7:23  Probe  
  89  7:27  High Templar  
  89  7:28  Zealot x4  
  100  7:31  Gateway  
  100  7:32  Gateway  
  100  7:37  Gateway  
  100  7:41  Probe  
  101  7:53  High Templar  
  101  7:54  Zealot x2  
  107  7:58  Pylon  
  107  8:01  Pylon  
  107  8:10  High Templar  
  107  8:11  High Templar  
  107  8:12  Zealot x3  
  111  8:15  Archon  
  111  8:17  Zealot  
  111  8:18  Zealot  
  115  8:30  Zealot x2  
  103  8:47  Zealot x6  
  103  8:48  Zealot  
  93  8:49  Archon  
  93  8:55  Stalker x4  
  81  9:08  Stalker x5  
  72  9:18  Zealot  
  72  9:19  Zealot x2  
Show
View Real Time Build Order
Export as new Build Order

MaxCaulfield Terran - Winner!

Build Orders: Reaper Expand, Banshee Rush 

Get SALT Encoding   

  12  0:00  SCV  
  13  0:12  SCV  
  14  0:17  Supply Depot  
  14  0:24  SCV  
  15  0:38  SCV  
  15  0:40  Barracks  
  16  0:44  Refinery  
  16  0:50  SCV  
  17  1:02  SCV  
  18  1:15  SCV  
  19  1:30  Reaper  
  19  1:31  Orbital Command  
  20  1:44  Command Center  
  20  1:55  Supply Depot  
  20  1:57  SCV  
  21  2:02  Marine  
  22  2:09  SCV  
  22  2:11  Factory  
  23  2:17  Refinery  
  23  2:24  Bunker  
  23  2:30  SCV, Barracks Reactor  
  24  2:42  SCV  
  25  2:54  SCV  
  25  2:57  Orbital Command, Starport  
  26  3:02  Factory Tech Lab  
  26  3:06  SCV  
  26  3:07  Marine x2  
  29  3:19  SCV  
  30  3:22  SCV  
  30  3:25  Marine x2  
  33  3:31  SCV  
  33  3:34  SCV  
  33  3:35  Widow Mine  
  36  3:42  Marine x2  
  36  3:43  SCV  
  36  3:44  Medivac, Supply Depot, Cloaking Field  
  36  3:47  SCV  
  42  3:55  SCV  
  43  3:57  Widow Mine  
  43  3:59  SCV  
  46  4:06  Marine x2  
  46  4:07  SCV, Supply Depot  
  49  4:11  SCV  
  49  4:15  Banshee  
  53  4:19  SCV  
  54  4:24  Factory Tech Lab  
  54  4:27  Refinery  
  54  4:29  SCV  
  54  4:30  Supply Depot  
  55  4:31  SCV  
  55  4:34  Supply Depot  
  56  4:39  Marine x2  
  56  4:41  SCV  
  56  4:43  Siege Tank  
  62  4:52  SCV  
  63  4:53  SCV, Supply Depot  
  63  4:55  Command Center  
  63  4:57  Marine x2  
  66  5:02  Banshee  
  69  5:09  SCV  
  70  5:17  Siege Tank  
  70  5:18  Barracks, Refinery  
  70  5:20  SCV  
  74  5:21  SCV  
  74  5:22  Supply Depot  
  74  5:23  Supply Depot  
  74  5:26  Engineering Bay  
  75  5:33  Marine  
  75  5:34  Barracks  
  76  5:36  Marine  
  76  5:39  SCV  
  78  5:49  Barracks  
  78  5:50  SCV, Barracks  
  78  5:56  Starport Reactor  
  79  5:58  Marine x2  
  81  6:06  SCV  
  76  6:12  Factory Reactor  
  76  6:18  SCV  
  76  6:22  Orbital Command  
  76  6:23  SCV  
  78  6:28  Marauder, Combat Shield  
  78  6:29  Marauder, Stimpack  
  78  6:31  SCV  
  83  6:32  Medivac  
  83  6:33  Medivac  
  83  6:35  SCV  
  88  6:43  SCV  
  89  6:48  Barracks Tech Lab  
  89  6:49  Barracks Reactor  
  89  6:50  Marauder x2  
  89  6:51  Widow Mine x2  
  89  6:53  Terran Infantry Weapons Level 1  
  97  6:55  Supply Depot  
  97  6:58  Supply Depot  
  97  7:01  SCV  
  97  7:06  Medivac  
  97  7:07  Medivac  
  102  7:17  Orbital Command  
  102  7:18  Marauder, Concussive Shells  
  102  7:19  Marauder x2  
  102  7:20  Marine x2  
  110  7:23  Supply Depot  
  110  7:25  Widow Mine  
  112  7:30  Marine x2  
  111  7:37  SCV  
  111  7:41  Marauder x2, Marine  
  111  7:42  Marauder  
  119  7:45  SCV  
  119  7:48  Medivac x2  
  119  7:49  Widow Mine x2  
  128  7:52  SCV  
  129  8:04  Marauder x3, Marine  
  135  8:17  Marine x2  
  135  8:18  SCV  
  137  8:26  Marauder  
  138  8:32  Marauder x2, Marine  
  141  8:40  Marine  
  139  8:47  Marauder  
  131  8:51  Marine  
  131  8:53  Marauder  
  131  8:54  Marauder  
  133  9:00  Marine x2  
  139  9:03  Bunker  
Tags
 
Add a new tag
Caveats
  • Supply blocks, unpowered buildings, or Contaminate may cause inaccurate times.
  • Supply counts are checked every 10 seconds.